 Dungeon Crawl Stone Soup version 0.30.0-18-gc0e69614cb (webtiles) character file.

Game seed: 5274141311440271268

5111 cheesebisquit the Impaler (level 10, -6/73 HPs)
             Began as a Merfolk Gladiator on May 24, 2023.
             Was a Believer of Kikubaaqudgha.
             Killed from afar by an acid dragon (19 damage)
             ... with a splash of acid
             ... on level 9 of the Dungeon.
             The game lasted 00:41:01 (9803 turns).

cheesebisquit the Impaler (Merfolk Gladiator)       Turns: 9803, Time: 00:41:01

Health: -6/73      AC:  5    Str: 16    XL:     10   Next: 57%
Magic:  14/14      EV: 10    Int: 21    God:    Kikubaaqudgha [**....]
Gold:   430        SH:  0    Dex: 17    Spells: 12/15 levels left

rFire   . . .        Q - +0 halberd (flame)
rCold   . . .        (shield currently unavailable)
rNeg    . . .        c - +0 chain mail
rPois   .            t - +1 helmet
rElec   .            J - +0 cloak
rCorr   .            (no gloves)
SInv    .            n - +0 pair of boots
Will    .....        (no amulet) Stlth
                     l - +6 ring of intelligence
HPRegen 0.32/turn    E - +6 ring of intelligence
MPRegen 0.14/turn

%: no passive effects
@: corroded, invisible
A: (nimble swimmer 2), mertail
a: Renounce Religion, Unearth Wretches


You were on level 9 of the Dungeon.
You worshipped Kikubaaqudgha.
Kikubaaqudgha was pleased with you.
You visited 2 branches of the dungeon, and saw 10 of its levels.

You collected 430 gold pieces.

Inventory:

Hand Weapons
 a - a +0 trident
 B - a +0 glaive
 I - the +8 flail of Might {freeze, rC+ Str+3}
   (You found it on level 8 of the Dungeon)

   Str:       It affects your strength (+3).
   rC:        It protects you from cold.
 M - a +0 spear
 Q - a +0 halberd of flaming (weapon)
Missiles
 d - 5 throwing nets
 e - a javelin
 m - 12 poisoned darts
 O - 3 silver boomerangs
 P - 5 boomerangs (quivered)
Armour
 c - a +0 chain mail (worn)
 n - a +0 pair of boots (worn)
 s - a +0 troll leather armour
 t - a +1 helmet (worn)
 u - +0 ice dragon scales
 J - a +0 cloak (worn)
 R - +0 acid dragon scales
Jewellery
 l - a +6 ring of intelligence (left hand)
 E - a +6 ring of intelligence (right hand)
 N - a ring of positive energy
Wands
 K - a wand of roots (9)
 S - a wand of polymorph (9)
Scrolls
 h - a scroll of blinking {unknown}
 k - 3 scrolls of fog
 o - a scroll of fear
 q - a scroll of magic mapping {unknown}
 r - a scroll of acquirement {unknown}
 v - a scroll of immolation
 w - 3 scrolls of teleportation
 x - a scroll of torment {unknown}
 y - a scroll of poison {unknown}
 z - a scroll of enchant armour {unknown}
 A - a scroll of vulnerability
 D - a scroll of amnesia {unknown}
 H - a scroll of noise {unknown}
Potions
 b - 3 potions of brilliance
 f - a potion of attraction
 g - 6 potions of cancellation
 i - a potion of mutation
 j - 2 potions of lignification
 C - a potion of resistance
 F - a potion of magic
 G - a potion of haste
 L - a potion of flight


   Skills:
 + Level 4.4 Fighting
 - Level 16.0 Polearms
 + Level 3.6 Throwing
 + Level 2.3 Armour
 + Level 6.1 Dodging
 + Level 4.0 Stealth
 - Level 3.0 Spellcasting
 + Level 2.6 Necromancy


You had 12 spell levels left.
You knew the following spells:

 Your Spells              Type           Power      Damage    Failure   Level
a - Vampiric Draining     Necr           14%        2d7       86%         3

Your spell library contained the following spells:

 Spells                   Type           Power      Damage    Failure   Level
 Necrotise                Necr           56%        1d6       50%         1
 Sublimation of Blood     Necr           14%        N/A       63%         2
 Kiss of Death            Conj/Necr      32%        2d7       67%         1
 Freeze                   Ice            12%        1d3       86%         1
 Slow                     Hex            12%        N/A       86%         1
 Confusing Touch          Hex            3%         N/A       99%         3
 Dazzling Flash           Conj/Hex       6%         N/A       99%         3
 Frozen Ramparts          Ice            6%         1d1       99%         3
 Hailstorm                Conj/Ice       3%         3d3       99%         3
 Volatile Blastmotes      Fire/Tloc      6%         2d10      99%         3
 Dispel Undead            Necr           14%        3d10      99%         4
 Iskenderun's Mystic Bla  Conj/Tloc      3%         2d3       100%        4
 Starburst                Conj/Fire      1%         6d3       100%        6


Dungeon Overview and Level Annotations

Branches:
Dungeon (9/15)             Temple (1/1) D:6
   Lair: D:8-11         Orc: D:9-12

Altars:
Ashenzari
Cheibriados
Dithmenos
Elyvilon
Fedhas
Gozag
Hepliaklqana
Kikubaaqudgha
Makhleb
Nemelex Xobeh
Okawaru
Qazlal
Ru
Sif Muna
Trog
Uskayaw
Wu Jian
Xom
Yredelemnul

Annotations:
D:2 1 runed translucent door, Crazy Yiuf
D:8 1 exclusion


Innate Abilities, Weirdness & Mutations

((You are very nimble when in or above water. (Stealth+, EV+, Speed+++)))
Your lower body shifts to a powerful aquatic tail in water.


Message History

The acid dragon roars!
The acid dragon spits acid at you. The splash of acid hits you!!
The acid corrodes you!
You start resting.
An acid dragon is nearby!
You reach to attack!
You hit the acid dragon. You burn the acid dragon.
The acid dragon is moderately wounded.
The acid dragon spits acid at you. The splash of acid hits you!
The acid corrodes you!
You are too injured to fight recklessly!
Reach: Q) +0 halberd (flame)
Press: ? - help, Dir - move target, f/p - acid dragon
Aim: an acid dragon (moderately wounded, catching its breath, about 35% to evade your +0 halberd of flaming)
You reach to attack!
You closely miss the acid dragon.
The acid dragon is moderately wounded.
Reach: Q) +0 halberd (flame)
Press: ? - help, Dir - move target, f/p - acid dragon
Aim: an acid dragon (moderately wounded, catching its breath, about 35% to evade your +0 halberd of flaming)
You reach to attack!
You hit the acid dragon but do no damage.
The acid dragon is moderately wounded.
You slash the acid dragon! You burn the acid dragon.
The acid dragon is severely wounded.
The acid dragon spits acid at you. The splash of acid hits you!
* * * LOW HITPOINT WARNING * * *
The acid corrodes you!
You hit the acid dragon but do no damage.
The acid dragon is severely wounded.
The acid dragon bites you.
* * * LOW HITPOINT WARNING * * *
The acid dragon claws you but does no damage.
You fade into invisibility!
The acid dragon bites you but does no damage.
The acid dragon claws you but does no damage.
Items here: ††††.
The acid dragon spits acid at something.
The splash of acid hits you!!
You die...
Kikubaaqudgha rasps: "You have failed me!
Welcome... death!"

#.. #.# #.# #.# #.# #.# #.#
..≈ #.# #.. ... #.# #.# #.#
#.# #.# #.#
#######.#########.# #.#
........D.@.......# #.#
......#####.#####.######.##
...... #.# #..........
..... #.# #.######... ...D.
#.# #.# #... .... #.# #.#
#... .... #.# #.# #... #.#
#.######... .........
...........


You could see an acid dragon (unable to see you, catching breath).

Vanquished Creatures
  A two-headed ogre (D:8)
  Maggie (D:7)
  A troll (D:9)
  A hornet (D:8)
  9 yaks
  A wyvern (D:8)
  A steam dragon (D:7)
  An acid dragon (D:9)
  A water moccasin (D:7)
  An ice beast (D:5)
  A sky beast (D:7)
  A black bear (D:6)
  2 centaurs
  A kobold brigand (D:6)
  3 bullfrogs
  2 scorpions (D:4)
  4 wights (D:8)
  4 howler monkeys
  The ghost of crux the Insei, a weakling OpTm (D:3)
  4 hounds
  3 iron imps (D:5)
  2 jellies
  An orc priest (D:6)
  Natasha (thrice) (D:4)
  3 iguanas
  3 sleepcaps
  3 orc wizards
  4 gnolls (D:6)
  10 adders
  3 shadow imps
  A white imp (D:4)
  A dart slug (D:2)
  4 worms (D:2)
  14 orcs
  7 bats
  5 endoplasms
  3 giant cockroaches
  3 goblins
  8 hobgoblins
  3 jackals (D:3)
  5 quokkas
  2 ball pythons
  2 frilled lizards (D:1)
  3 kobolds (D:6)
  3 rats
140 creatures vanquished.

Vanquished Creatures (others)
  An orc wizard (D:9)
1 creature vanquished.

Grand Total: 141 creatures vanquished

Notes
Turn   | Place    | Note
-------+----------+-------------------------------------------
     0 | D:1      | cheesebisquit the Merfolk Gladiator began the quest for the
                  | Orb.
     0 | D:1      | Reached XP level 1. HP: 16/16 MP: 1/1
   413 | D:1      | Reached XP level 2. HP: 22/22 MP: 2/2
   903 | D:2      | Reached skill level 5 in Polearms
   966 | D:2      | Reached XP level 3. HP: 17/27 MP: 3/3
  1152 | D:2      | Reached skill level 6 in Polearms
  1215 | D:2      | Reached XP level 4. HP: 31/33 MP: 4/4
  1387 | D:2      | Found a runed translucent door.
  1388 | D:2      | Noticed Crazy Yiuf
  1943 | D:3      | Found a transporter.
  1943 | D:3      | Noticed crux's ghost (weakling OpTm)
  1944 | D:3      | Found a transporter.
  2172 | D:3      | Reached skill level 7 in Polearms
  2434 | D:3      | Found an ancient bone altar of Kikubaaqudgha.
  2721 | D:3      | Became a worshipper of Kikubaaqudgha
  2776 | D:4      | Noticed a scorpion
  2966 | D:4      | Reached XP level 5. HP: 38/38 MP: 5/5
  3014 | D:4      | Reached skill level 8 in Polearms
  3018 | D:4      | Reached XP level 6. HP: 31/44 MP: 6/6
  3078 | D:4      | Noticed Natasha
  3087 | D:4      | Killed Natasha
  3088 | D:4      | Reached skill level 9 in Polearms
  3274 | D:4      | Found an ornate altar of the Wu Jian Council.
  3342 | D:4      | Noticed Natasha
  3346 | D:4      | Killed Natasha
  3721 | D:5      | Entered Level 5 of the Dungeon
  3736 | D:4      | Noticed Natasha
  3743 | D:4      | Killed Natasha
  3909 | D:5      | Noticed an ice beast
  3953 | D:5      | Reached skill level 10 in Polearms
  3953 | D:5      | Reached XP level 7. HP: 50/50 MP: 7/7
  4163 | D:5      | Reached * piety under Kikubaaqudgha
  4163 | D:5      | Received a gift from Kikubaaqudgha
  4344 | D:5      | Reached skill level 11 in Polearms
  4495 | D:5      | Found a burning altar of Makhleb.
  4698 | D:5      | You fall into a shaft and drop 3 floors!
  4949 | D:6      | Reached skill level 12 in Polearms
  4949 | D:6      | Reached XP level 8. HP: 56/56 MP: 8/8
  5013 | D:6      | Found a hide-covered altar of Uskayaw.
  5140 | D:6      | Reached skill level 13 in Polearms
  5171 | D:6      | Found a staircase to the Ecumenical Temple.
  5671 | D:3      | Killed crux's ghost
  5759 | D:3      | Reached ** piety under Kikubaaqudgha
  6622 | Temple   | Entered the Ecumenical Temple
  6849 | D:7      | Reached skill level 14 in Polearms
  7016 | D:7      | Learned a level 3 spell: Vampiric Draining
  7066 | D:7      | Noticed Maggie
  7093 | D:7      | Killed Maggie
  7094 | D:7      | Reached skill level 1 in Stealth
  7094 | D:7      | Reached skill level 1 in Spellcasting
  7094 | D:7      | Reached skill level 1 in Necromancy
  7094 | D:7      | Reached XP level 9. HP: 42/62 MP: 8/10
  7193 | D:7      | HP: 1/62 [steam dragon/ball of steam (15)]
  8030 | D:7      | Reached skill level 15 in Polearms
  8191 | D:8      | Noticed a hornet
  8205 | D:8      | Killed a hornet
  8273 | D:8      | Noticed a two-headed ogre
  8285 | D:8      | Killed a two-headed ogre
  8286 | D:8      | Reached skill level 16 in Polearms
  8286 | D:8      | Reached skill level 1 in Armour
  8418 | D:8      | Noticed a tengu warrior
  8662 | D:8      | Reached skill level 5 in Dodging
  8723 | D:8      | Reached XP level 10. HP: 56/70 MP: 11/13
  8845 | D:8      | Identified the +8 flail of Might {freeze, rC+ Str+3}
  8994 | D:8      | HP: 3/71 [yak (12)]
  9803 | D:9      | Killed from afar by an acid dragon

Illustrated notes

Levels and vault maps discovered:
D:1:      eino_arrival_druids_welcome, layout_basic
D:2:      layout_rooms, kennysheep_generic_room_7, uniq_crazy_yiuf_cottage
D:3:      layout_loops_ring, kiku_gazebo_garden_becter, gammafunk_ghost_arena
D:4:      layout_basic, old_standard_altar, corexii_shack, uniq_natasha
D:5:      layout_basic, demons_altar, water_boxes_lemuel
D:6:      layout_cave_pods, mainiacjoe_overflow_24_doors, temple_pool_b
D:7:      layout_loops_corners, uniq_maggie
D:8:      layout_cave_pods, kennysheep_just_a_vault
D:9:      layout_small_grid, mainiacjoe_overflow_brackets,
          minmay_variable_closet, uniq_erica
Temple:   nicolae_temple_bog_church

Skill      XL: |  1  2  3  4  5  6  7  8  9 10 |
---------------+-------------------------------+-----
Polearms       | 5 6 7 8 10 12 14 16 | 16.0
Stealth        | 1 2 4 |  4.0
Spellcasting   | 1 2 3 |  3.0
Necromancy     | 1 2 |  2.6
Fighting       | 3 4 |  4.4
Armour         | 1 2 |  2.3
Dodging        | 5 6 |  6.1
Throwing       | 3 |  3.6

Action                     |  1- 3 |  4- 6 |  7- 9 | 10-12 || total
---------------------------+-------+-------+-------+-------++-------
  Melee: Trident           |    84 |    68 |    89 |       ||   241
         Glaive            |       |    61 |   141 |       ||   202
         Halberd           |       |       |    87 |    84 ||   171
  Throw: Boomerang         |       |       |    22 |     7 ||    29
    Use: Scroll            |       |    10 |     9 |     1 ||    20
         Potion            |       |       |    10 |     7 ||    17
   Stab: Sleeping          |     1 |       |       |       ||     1
 Armour: Leather armour    |     6 |       |       |       ||     6
         Ring mail         |    10 |     2 |       |       ||    12
         Chain mail        |       |    50 |   130 |    25 ||   205
  Dodge: Dodged            |    33 |    51 |    85 |    18 ||   187
